 Dungeon Crawl Stone Soup version 0.25-a0-949-gdd2af9e06e (webtiles) character file.

Game seed: 11984577860643671940, levelgen mode: deterministic

2580 FrogZ the Grappler (level 9, -4/92 HPs)
             Began as a Troll Monk on May 8, 2020.
             Was a Believer of Uskayaw.
             Slain by an orc warrior
             ... wielding a cursed -3 long sword
              (10 damage)
             ... on level 7 of the Dungeon.
             The game lasted 00:18:09 (5415 turns).

FrogZ the Grappler (Troll Monk)                     Turns: 5415, Time: 00:18:12

Health: -4/92      AC:  7    Str: 23    XL:     9   Next: 32%
Magic:  5/8        EV: 10    Int:  7    God:    Uskayaw [**....]
Gold:   347        SH:  0    Dex: 12    Spells: 8/8 levels left

rFire    . . .     SeeInvis .     - Unarmed
rCold    . . .     Gourm    +   (no shield)
rNeg     . . .     Faith    .   a - +1 robe
rPois    .         Spirit   .   (helmet restricted)
rElec    .         Reflect  .   (no cloak)
rCorr    +         Harm     .   (gloves unavailable)
MR       .....                  (boots unavailable)
Stlth    +.........             (no amulet)
HPRegen  0.65/turn              f - ring of wizardry
MPRegen  0.11/turn              r - ring of resist corrosion

@: confused, studying Shields
A: large, unfitting armour, claws 3, fast metabolism 3, gourmand, regeneration
1, shaggy fur 1, tough skin 3
a: Stomp, Line Pass, Renounce Religion


You were on level 7 of the Dungeon.
You worshipped Uskayaw.
Uskayaw was noncommittal.
You were very full.

You visited 1 branch of the dungeon, and saw 7 of its levels.

You collected 347 gold pieces.

Inventory:

Armour
 a - a +1 robe (worn)
Jewellery
 f - a ring of wizardry (left claw)
 r - a ring of resist corrosion (right claw)
 u - an uncursed amulet of harm {unknown}
Wands
 d - a wand of paralysis (9)
 i - a wand of flame (27)
 j - a wand of polymorph (4)
Scrolls
 k - 2 scrolls of enchant weapon {unknown}
 l - 3 scrolls of immolation {unknown}
 n - 4 scrolls of identify
 p - 3 scrolls of remove curse
 q - a scroll of fog
 w - a scroll of teleportation
Potions
 c - 3 potions of might {unknown}
 e - a potion of degeneration {unknown}
 g - 2 potions of lignification {unknown}
 h - a potion of mutation {unknown}
 m - 3 potions of invisibility {unknown}
 o - a potion of cancellation {unknown}
 s - a potion of magic {unknown}
 t - 2 potions of curing {unknown}
 x - a potion of brilliance {unknown}
Books
 v - a manual of Shields
Comestibles
 b - 16 rations
 z - 3 chunks of flesh


   Skills:
 + Level 6.6 Fighting
 - Level 2.4 Dodging
 - Level 1.0 Stealth
 * Level 10.7 Unarmed Combat


You had 8 spell levels left.
You didn't know any spells.
Your spell library contained the following spells:

 Spells                   Type           Power        Failure   Level  Hunger
 Magic Dart               Conj           #...         19%         1    ##.....
 Blink                    Tloc           N/A          26%         2    ###....
 Call Imp                 Summ           #.......     26%         2    ###....
 Slow                     Hex            #.......     26%         2    ###....
 Conjure Flame            Conj/Fire      #.......     45%         3    ####...
 Mephitic Cloud           Conj/Pois/Air  #.......     45%         3    ####...


Dungeon Overview and Level Annotations

Branches:
Dungeon (7/15)             Temple (0/1) D:6

Altars:
Cheibriados
Elyvilon
Fedhas
Hepliaklqana
Okawaru
Trog
Uskayaw
The Shining One

Annotations:
D:4 Dowan, Duvessa


Innate Abilities, Weirdness & Mutations

You are too large for most types of armour.
You have claws for hands.
Your metabolism is lightning-fast.
You like to eat raw meat.
Your natural rate of healing is unusually fast.
You are covered in fur. (AC +1)
You have extremely tough skin. (AC +3)


Message History

The orc wizard gestures wildly while chanting.
The orc wizard flickers and vanishes!
Deactivating autopickup; reactivate with Ctrl-A.
The bullfrog closely misses you. The bullfrog hits you.
* * * LOW HITPOINT WARNING * * *
You're too confused!
You're too confused to move!
The bullfrog barely misses you.
You hear some strange, mumbled words.
Something tries to affect you, but you resist.
The orc priest hits you with a +0 short sword.
* * * LOW HITPOINT WARNING * * *
The bullfrog barely misses you.
You bump into the translucent rock wall.
The bullfrog completely misses you.
The orc priest invokes the aid of Beogh against you.
Pain shoots through your body!
* * * LOW HITPOINT WARNING * * *
The orc warrior hits you with a cursed -3 long sword!
You die...

..#..###....................
#....# ##..#................
......#...####......####...
....................# ##..
.........(..........# #...
####..###..................
##......#.#...........##
##...F..........#......
#....o@#.#.!....#......
#...#o.....#.. ........
#...........# ........
#.!............ ..##
#......##...... .....#..
...... .....## ...... .
.#..# ...... . .


You could see an orc warrior, a bullfrog and an orc priest.

Vanquished Creatures
  A troll (D:6)
  Grinder (D:3)
  Sigmund (D:3)
  A spriggan (D:7)
  Edmund (D:4)
  A water moccasin (D:6)
  2 ice beasts
  An orc warrior (D:6)
  An ogre (D:6)
  A black bear (D:6)
  A sky beast (D:7)
  A centaur (D:7)
  A phantom (D:4)
  A scorpion (D:4)
  A water moccasin skeleton (D:5)
  3 crimson imps (D:6)
  2 hounds
  2 orc wizards (D:4)
  2 orc priests
  A bullfrog skeleton (D:5)
  An iguana (D:5)
  Jessica (D:2)
  8 worker ants
  2 hound skeletons
  2 worker ant zombies
  6 adders
  A shadow imp (D:6)
  An ooze (D:4)
  3 adder skeletons
  2 worms
  3 dart slugs
  8 leopard geckos
  23 orcs
  9 giant cockroaches
  7 goblins
  7 hobgoblins
  2 quokkas
  9 bats
  4 frilled lizards
  A jackal skeleton (D:6)
  10 kobolds
  10 rats
146 creatures vanquished.

Notes
Turn   | Place    | Note
-------+----------+-------------------------------------------
     0 | D:1      | FrogZ the Troll Monk began the quest for the Orb.
     0 | D:1      | Reached XP level 1. HP: 22/22 MP: 0/0
   190 | D:1      | Reached XP level 2. HP: 29/29 MP: 1/1
   940 | D:2      | Reached XP level 3. HP: 36/36 MP: 2/2
  1001 | D:2      | Noticed Jessica
  1006 | D:2      | Killed Jessica
  1006 | D:2      | Reached skill level 4 in Unarmed Combat
  1015 | D:2      | Found a blossoming altar of Fedhas.
  1054 | D:2      | Found a snail-covered altar of Cheibriados.
  1249 | D:2      | Reached XP level 4. HP: 43/45 MP: 3/3
  1935 | D:3      | Reached skill level 5 in Unarmed Combat
  1948 | D:3      | Noticed Sigmund
  1963 | D:3      | Killed Sigmund
  1963 | D:3      | Reached XP level 5. HP: 6/54 MP: 4/4
  1963 | D:3      | Reached XP level 6. HP: 7/62 MP: 5/5
  2094 | D:3      | Reached skill level 6 in Unarmed Combat
  2133 | D:3      | Found a hide-covered altar of Uskayaw.
  2249 | D:3      | Noticed Grinder
  2249 | D:3      | Paralysed by Grinder for 5 turns
  2256 | D:3      | Paralysed by Grinder for 7 turns
  2271 | D:3      | Killed Grinder
  2271 | D:3      | Reached XP level 7. HP: 48/70 MP: 6/6
  2417 | D:3      | Became a worshipper of Uskayaw the Reveler
  2417 | D:3      | Reached * piety under Uskayaw
  2572 | D:4      | Reached ** piety under Uskayaw
  2573 | D:4      | Reached skill level 7 in Unarmed Combat
  2684 | D:4      | Noticed Dowan
  2784 | D:4      | Noticed Duvessa
  2811 | D:4      | Reached *** piety under Uskayaw
  3011 | D:4      | Noticed Edmund
  3032 | D:4      | Killed Edmund
  3032 | D:4      | Reached skill level 5 in Fighting
  3032 | D:4      | Reached skill level 8 in Unarmed Combat
  3032 | D:4      | Reached XP level 8. HP: 51/80 MP: 4/7
  3341 | D:5      | Entered Level 5 of the Dungeon
  3583 | D:5      | Found a white marble altar of Elyvilon.
  3583 | D:5      | Found an iron altar of Okawaru.
  3584 | D:5      | Found a glowing golden altar of the Shining One.
  3715 | D:5      | Found a hazy altar of Hepliaklqana.
  4189 | D:6      | Reached skill level 9 in Unarmed Combat
  4569 | D:6      | Noticed a troll
  4581 | D:6      | Killed a troll
  4581 | D:6      | Reached skill level 10 in Unarmed Combat
  4704 | D:6      | Reached XP level 9. HP: 83/89 MP: 8/8
  4784 | D:6      | Reached **** piety under Uskayaw
  4973 | D:6      | Found a staircase to the Ecumenical Temple.
  5105 | D:7      | Found a bloodstained altar of Trog.
  5415 | D:7      | Slain by an orc warrior

Levels and vault maps discovered:
D:1:      dpeg_arrival_rhombus, layout_loops_corners
D:2:      layout_basic, lemuel_coloured_pillars_altar, cheibriados_altar_1,
          st_stairs_5, uniq_jessica
D:3:      layout_rooms, lemuel_doored_altar, uniq_grinder, uniq_sigmund
D:4:      layout_basic, uniq_duvessa, uniq_edmund
D:5:      layout_loops_ring, nicolae_overflow_quartered_altars, first_ration
D:6:      layout_cave_pools, minmay_temple_entry_glassed_door,
          minmay_manual_mail
D:7:      lemuel_ratsnest, layout_cave_pools, old_standard_altar, serial_glass,
          glass_columns_a, glass_columns_c, the_bakery

Skill      XL: |  1  2  3  4  5  6  7  8 |
---------------+-------------------------+-----
Fighting       | 3 4 5 6 |  6.6
Unarmed Combat | 4 5 6 8 10 | 10.7
Dodging        | |  2.4
Stealth        | |  1.0

Action                   |  1- 3 |  4- 6 |  7- 9 || total
-------------------------+-------+-------+-------++-------
Melee: Unarmed           |    72 |    88 |   269 ||   429
       Punch             |     2 |       |    13 ||    15
Invok: Stomp             |       |       |    11 ||    11
  Use: Scroll            |       |     3 |     9 ||    12
 Stab: Sleeping          |     3 |     1 |     3 ||     7
       Paralysed         |       |       |     6 ||     6
  Eat: Chunk             |    17 |     9 |    30 ||    56
Armor: Robe              |    28 |    37 |    73 ||   138
Dodge: Dodged            |    31 |    52 |   122 ||   205

Table legend:
 A = Non-vault XP
 B = Vault XP
 C = Vault XP percentage of total XP
 D = Non-vault monster count
 E = Vault monster count
 F = Vault count percentage of total count
                 A         B        C        D         E       F
            +---------+---------+-------+---------+---------+-------
      Total |    2427 |    1259 |  34.2 |     136 |      10 |   6.8
            +---------+---------+-------+---------+---------+-------
        D:1 |      35 |       0 |   0.0 |      20 |       0 |   0.0
        D:2 |      48 |      45 |  48.4 |      22 |       4 |  15.4
        D:3 |     174 |     508 |  74.5 |      25 |       2 |   7.4
        D:4 |     460 |     176 |  27.7 |      25 |       1 |   3.8
        D:5 |     420 |       0 |   0.0 |      14 |       0 |   0.0
        D:6 |     898 |     315 |  26.0 |      22 |       2 |   8.3
        D:7 |     392 |     215 |  35.4 |       8 |       1 |  11.1
            +---------+---------+-------+---------+---------+-------
